 Dungeon Crawl Stone Soup version 0.14-a0-2848-g1d0399b (webtiles) character file.

441 JEFFREY the Charlatan (level 6, -1/56 HPs)
             Began as a Deep Dwarf Fighter on Feb 27, 2014.
             Slain by a hound (2 damage)
             ... on Level 4 of the Dungeon.
             The game lasted 00:13:02 (2367 turns).

JEFFREY the Charlatan (Deep Dwarf Fighter)          Turns: 2367, Time: 00:13:03

HP  -1/56        AC  8     Str 22      XL: 6   Next: 29%
MP  11/11        EV  8     Int  8      God:
Gold 103         SH 21     Dex 12      Spells:  0 memorised,  5 levels left

rFire  . . .     SeeInvis .     x - +1,+0 war axe
rCold  + . .     Clarity  .     p - +1 dwarf ring mail
rNeg   . . .     Conserve .     c - +0 dwarf shield
rPois  .         rCorr    +     (no helmet)
rElec  .         rRot     .     w - +0 cloak
SustAb . .       Spirit   .     (no gloves)
rMut   .         Warding  .     (no boots)
Saprov . . .     Stasis   .     g - amulet of resist corrosion
MR     .....                    (no ring)
                                s - ring of protection from cold

@: non-regenerating, not resistant to hostile enchantments, extremely unstealthy
A: damage resistance, recharge devices, sense surroundings 1, slow healing 3
a: Device Recharging


You were on level 4 of the Dungeon.
You were not hungry.

You visited 1 branch of the dungeon, and saw 4 of its levels.

You collected 103 gold pieces.

Inventory:

Hand weapons
 a - a +0,+0 hand axe
 v - a +3,+2 quarterstaff of chaos
 x - a +1,+0 war axe (weapon)
Missiles
 h - 8 steel javelins
 l - 2 tomahawks of returning (quivered)
Armour
 c - a +0 dwarven shield (worn)
 p - a +1 dwarven ring mail (worn)
 q - a +1 dwarven ring mail
 w - a +0 cloak (worn)
Magical devices
 d - a wand of heal wounds (0)
Comestibles
 b - 2 chunks of orc flesh
 f - 2 bread rations
 n - 3 pears
 o - an orange
 r - 3 meat rations
 t - an apricot
 z - a choko
Scrolls
 e - a scroll of enchant armour {unknown}
 j - a scroll of remove curse
 k - a scroll of recharging {unknown}
 m - a scroll of identify
Jewellery
 g - an amulet of resist corrosion (around neck)
 s - a ring of protection from cold (left hand)
Potions
 i - 2 potions of might


   Skills:
 + Level 3.1 Fighting
 - Level 5.0 Axes
 + Level 3.5 Armour
 + Level 3.8 Shields
 - Level 5.5 Evocations


You had 5 spell levels left.
You didn't know any spells.

Dungeon Overview and Level Annotations

Branches:
Dungeon (4/16)
 Temple: D:4-7

Altars:
Ashenzari
Fedhas
Vehumet

Shops:
D:4 *


Innate Abilities, Weirdness & Mutations

You are resistant to damage.
You can recharge devices by infusing magical energy.
You passively map a small area around you.
You do not heal naturally.


Message History

The hound bites you but does no damage.
Your shield prevents you from hitting the hound.
The hound bites you.
* * * LOW HITPOINT WARNING * * *
The hound bites you but does no damage.
You barely miss the hound. The hound bites you but does no damage.
You block the hound's attack.
Your shield and ring mail prevent you from hitting the hound.
The hound bites you but does no damage. You block the hound's attack.
You closely miss the hound. The hound closely misses you.
The hound bites you but does no damage.
You closely miss the hound. The hound bites you.
* * * LOW HITPOINT WARNING * * *
The hound barely misses you.
You hit the hound.
The hound is heavily wounded.
You block the hound's attack.
The hound stops to sniff the ground.
The hound bites you.
You die...

...........(.................##
............................##
..........................##
.........................##
........................##
......................##
.....#..............##
...###............## , ..
#......@......# ,
........h..PPP.#
...........P∩P.#
,...........PP.# ,
..............# , .......######
, .....## ...# , , *


You could see a hound.

Vanquished Creatures
  A crimson imp (D:3)
  Crazy Yiuf (D:2)
  An orc priest (D:3)
  An iguana (D:4)
  An orc wizard (D:3)
  Ijyb (D:2)
  4 gnolls (D:2)
  4 adders
  15 orcs (D:3)
  5 giant cockroaches
  9 goblins
  8 hobgoblins
  6 jackals
  A ball python (D:4)
  4 bats
  A giant gecko (D:1)
  3 giant newts
  11 kobolds
  9 rats
86 creatures vanquished.

Vanquished Creatures (others)
  An orc wizard (D:3)
1 creature vanquished.

Grand Total: 87 creatures vanquished

Notes
Turn   | Place    | Note
--------------------------------------------------------------
     0 | D:1      | JEFFREY, the Deep Dwarf Fighter, began the quest for the Orb.
     0 | D:1      | Reached XP level 1. HP: 20/20 MP: 1/1
   162 | D:1      | Reached XP level 2. HP: 25/27 MP: 2/2
   922 | D:2      | Reached skill level 4 in Axes
   922 | D:2      | Reached XP level 3. HP: 24/33 MP: 3/3
   935 | D:2      | Found a radiant altar of Vehumet.
  1177 | D:2      | Reached XP level 4. HP: 26/40 MP: 4/4
  1187 | D:2      | Reached skill level 5 in Axes
  1243 | D:2      | Noticed Crazy Yiuf
  1260 | D:2      | Killed Crazy Yiuf
  1376 | D:2      | Noticed Ijyb
  1386 | D:2      | Killed Ijyb
  1459 | D:3      | Reached XP level 5. HP: 28/46 MP: 7/7
  1647 | D:3      | HP: 2/46 [orc priest/divine providence (14)]
  1651 | D:3      | Reached skill level 5 in Evocations
  1891 | D:3      | Found a shattered altar of Ashenzari.
  1907 | D:3      | Reached XP level 6. HP: 14/56 MP: 11/11
  2315 | D:4      | Found a blossoming altar of Fedhas.
  2356 | D:4      | Found Shroohypt's Assorted Antiques.
  2366 | D:4      | HP: 1/56 [hound (2)]
  2367 | D:4      | Slain by a hound

Action                   |  1- 3 |  4- 6 || total
-------------------------+-------+-------++-------
Melee: Hand axe          |   142 |    94 ||   236
       War axe           |       |   130 ||   130
Throw: Tomahawk          |     2 |       ||     2
Evoke: Wand              |     1 |     4 ||     5
  Use: Scroll            |       |     7 ||     7
       Potion            |       |     7 ||     7
 Stab: Invisible         |       |     2 ||     2
